 Dungeon Sprint DCSS version 0.31-a0-750-gfe7b580527 (webtiles) character file.

Game seed: 1833066951618795692

323 sircluck the Grappler (level 6, -6/102 HPs)
             Began as a Troll Berserker on Sept 14, 2023.
             Was a Follower of Trog.
             Mangled by a flayed ghost (23 damage)
             ... in the Dungeon (Sprint VII: "The Pits").
             The game lasted 00:00:10 (26 turns).

sircluck the Grappler (Troll Berserker)               Turns: 26, Time: 00:00:11

Health: -6/102     AC:  4    Str: 28    XL:     6   Next: 23%
Magic:  5/5        EV: 11    Int:  3    God:    Trog [*.....]
Gold:   0          SH:  0    Dex:  9    Spells: 5/5 levels left

rFire   . .          .
                       - Unarmed
rCold   . . .        (no shield)
rNeg    . . .        a - +0 animal skin
rPois   .            (helmet restricted)
rElec   .            (no cloak)
rCorr   .            (gloves unavailable)
SInv    .            (boots unavailable)
Will    .....        (no amulet) Stlth
                     (no ring)
HPRegen 1.17/turn    (no ring)
MPRegen 0.09/turn

%: no teleportation
@: berserking (expiring), very quick
A: large, unfitting armour, claws 3, regeneration 1, shaggy fur 1, tough skin 1
a: Renounce Religion, Berserk


You were in the Dungeon.
You worshipped Trog.
Trog was aware of your devotion.
You visited 1 branch

Inventory:

Armour
 a - a +0 animal skin (worn)
Scrolls
 g - a scroll of blinking
Potions
 b - a potion of curing
 c - a potion of heal wounds
 d - a potion of haste
 e - 2 potions of magic
 f - a potion of berserk rage


   Skills:
 + Level 6.9 Fighting
 + Level 6.8 Dodging
 + Level 8.2 Unarmed Combat


You had 5 spell levels left.
You didn't know any spells.
Your spell library was empty.

Dungeon Overview and Level Annotations

Branches:
Dungeon (1/1)

Altars:


Innate Abilities, Weirdness & Mutations

You are too large for most types of armour.
You have claws for hands.
Your natural rate of healing is unusually fast.
You are covered in fur. (AC +1)
You have tough skin. (AC +1)


Message History

You feel yourself moving faster!
You feel mighty!
You barely miss the kobold. You claw the kobold!
You kill the kobold!
Trog accepts your kill.
You barely miss the molten gargoyle.
You scratch the molten gargoyle but do no damage.
You claw the molten gargoyle!
The molten gargoyle is moderately damaged.
The molten gargoyle barely misses you.
You claw the molten gargoyle!
The molten gargoyle is severely damaged.
The molten gargoyle blasts magma at you!
The bolt of magma hits you!!
Ouch! That really hurt!
* * * LOW HITPOINT WARNING * * *
You scratch the molten gargoyle.
The molten gargoyle is almost destroyed.
You claw the molten gargoyle!
You destroy the molten gargoyle!
Trog accepts your kill.
Your Fighting skill gained 4 levels and is now at level 6!
Your Dodging skill gained 4 levels and is now at level 6!
Your Unarmed Combat skill gained 5 levels and is now at level 8!
You have reached level 2!
You have reached level 3!
Your experience leads to an increase in your attributes!
Increase (S)trength, (I)ntelligence, or (D)exterity?
You feel stronger. x3
You have reached level 4!
You have reached level 5!
You have reached level 6!
You feel stronger.
Unknown command.
Unknown command.
Unknown command.
Unknown command.
Unknown command.
You closely miss the flayed ghost. The flayed ghost hits you!!
You die...

#................+
+................+
#......#..#......#
#................#
####'#####''######
#.......##''#
#.......##..##
#.......##...##
#...<...###@..#
#.......#
##W......
#.......# ..###+##
#.......# .##
######### W9 ..
##.


You could see a flayed ghost.

Vanquished Creatures
  A molten gargoyle (D)
  A kobold (D)
2 creatures vanquished.

Notes
Turn   | Place    | Note
-------+----------+-------------------------------------------
     0 | D        | sircluck the Troll Berserker began the quest for the Orb.
     0 | D        | Reached XP level 1. HP: 22/22 MP: 0/0
    16 | D        | Noticed a molten gargoyle
    17 | D        | Noticed a flayed ghost
    25 | D        | Killed a molten gargoyle
    26 | D        | Reached skill level 8 in Unarmed Combat
    26 | D        | Reached XP level 2. HP: 8/37 MP: 1/1
    26 | D        | Reached XP level 3. HP: 10/45 MP: 2/2
    26 | D        | Reached XP level 4. HP: 12/53 MP: 3/3
    26 | D        | Reached XP level 5. HP: 14/61 MP: 4/4
    26 | D        | Reached XP level 6. HP: 16/68 MP: 5/5
    26 | D        | Mangled by a flayed ghost

Illustrated notes

Levels and vault maps discovered:
D:        pitsprint [storerooms_1, entrance_room_1, metal_vault_5, armoury_2,
          mini_pit_1, grid_room_1, main_hall_1, silver_pit, the_coven_1,
          the_vestibule_1, steel_vault_1, golden_pit, hallway_of_sentries,
          crystal_vault_1, iron_vault_4, final_vault]

Skill      XL: |  1 |
---------------+----+-----
Fighting       | 6 |  6.9
Dodging        | 6 |  6.8
Unarmed Combat | 8 |  8.2

Action                     |  1- 3 |  4- 6 || total
---------------------------+-------+-------++-------
  Melee: Unarmed           |     7 |     1 ||     8
         Punch             |     1 |       ||     1
 Invoke: Berserk           |     1 |       ||     1
 Armour: Animal skin       |     1 |     1 ||     2
  Dodge: Dodged            |     1 |       ||     1

Table legend: (Time is in decaauts)
 A = Elapsed time spent in this place.
 B = Non-inter-level travel time spent in this place.
 C = Inter-level travel time spent in this place.
 D = Time resting spent in this place.
 E = Time spent auto-exploring this place.
 F = Levels seen in this place.
 G = Mean time per level.
                   A        B        C        D        E       F      G
               +--------+--------+--------+--------+--------+-----+--------+
         Total |     23 |     23 |      0 |      0 |     16 |   1 |   23.0 |
       Dungeon |     23 |     23 |      0 |      0 |     16 |   1 |   23.0 |
               +--------+--------+--------+--------+--------+-----+--------+

Top non-repeatable levels by time:
       D: 23 daAuts
